 Dungeon Crawl Stone Soup version 0.26-a0-651-gb41185065b (webtiles) character file.

Game seed: 12756782954421661409

158 Ozzies the Skirmisher (level 5, 0/36 HPs)
             Began as a Gargoyle Fighter on Oct 3, 2020.
             Was an Initiate of Okawaru.
             Slain by a gnoll
             ... wielding a +0 trident
              (10 damage)
             ... on level 4 of the Dungeon.
             The game lasted 00:05:15 (2713 turns).

Ozzies the Skirmisher (Gargoyle Fighter)            Turns: 2713, Time: 00:05:16

Health: 0/36       AC: 10    Str: 20    XL:     5   Next: 40%
Magic:  5/5        EV:  7    Int:  9    God:    Okawaru [......]
Gold:   236        SH:  9    Dex:  9    Spells: 4/4 levels left

rFire    . . .     SeeInvis .   t - +0 dagger (elec)
rCold    . . .     Faith    .   c - +0 kite shield
rNeg     + . .     Spirit   .   b - +0 scale mail
rPois    ∞         Reflect  .   p - +0 hat
rElec    +         Harm     .   (no cloak)
rCorr    .         Rampage  .   (no gloves)
MR       .....                  (no boots)
Stlth    ..........             (no amulet)
HPRegen  0.12/turn              (no ring)
MPRegen  0.09/turn              (no ring)

@: glowing
A: negative energy resistance 1, electricity resistance, unbreathing,
petrification resistance, rot immunity, AC +4
a: Renounce Religion


You were on level 4 of the Dungeon.
You worshipped Okawaru.
Okawaru was noncommittal.
You visited 1 branch of the dungeon, and saw 4 of its levels.

You collected 236 gold pieces.

Inventory:

Hand Weapons
 a - a +0 flail
 t - a +0 dagger of electrocution (weapon)
 w - a +2 flail of draining
Missiles
 u - 7 poisoned darts (quivered)
Armour
 b - a +0 scale mail (worn)
 c - a +0 kite shield (worn)
 p - a +0 hat (worn)
Jewellery
 l - an uncursed ring of ice {unknown}
Scrolls
 f - 2 scrolls of remove curse
 h - 3 scrolls of enchant weapon {unknown}
 i - a scroll of enchant armour {unknown}
 j - 2 scrolls of teleportation {unknown}
 n - 2 scrolls of magic mapping {unknown}
 o - 2 scrolls of amnesia {unknown}
 q - a scroll of random uselessness {unknown}
 r - 6 scrolls of identify {unknown}
 s - 4 scrolls of immolation {unknown}
Potions
 d - a potion of might
 e - a potion of cancellation {unknown}
 g - a potion of degeneration {unknown}
 k - 4 potions of curing {unknown}
 m - a potion of haste {unknown}
 v - a potion of berserk rage {unknown}
 x - a potion of experience {unknown}


   Skills:
 * Level 6.3 Fighting
 + Level 0.1 Short Blades
 - Level 2.0 Maces & Flails
 + Level 3.4 Armour
 + Level 3.4 Shields
 * Level 0.2 Invocations


You had 4 spell levels left.
You didn't know any spells.
Your spell library was empty.

Dungeon Overview and Level Annotations

Branches:
Dungeon (4/15)
 Temple: D:4-7

Altars:
Dithmenos
Okawaru


Innate Abilities, Weirdness & Mutations

You are resistant to torment.
Your stone body is resilient. (AC +4)
You are immune to poison.
You resist negative energy. (rN+)
You are resistant to electric shocks. (rElec)
You can survive without breathing.
You are immune to petrification.
You are immune to rotting.


Message History

The gnoll barely misses you.
The gnoll hits you from afar with a +0 trident.
You block the gnoll shaman's attack.
You are too injured to fight recklessly!
You are too injured to fight recklessly!
You hit the gnoll but do no damage. Lightning courses through the gnoll!
The gnoll is severely wounded.
You block the gnoll's attack. The gnoll barely misses you.
The gnoll hits you but does no damage.
The gnoll shaman calls upon its god to speed up the gnoll.
The gnoll seems to speed up.
You barely miss the gnoll.
The gnoll is severely wounded.
The gnoll hits you.
* * * LOW HITPOINT WARNING * * *
You block the gnoll's attack. The gnoll closely misses you.
You block the gnoll's attack.
The gnoll shaman hits you but does no damage.
The gnoll hits you from afar with a +0 trident!
You die...

....###.##.....# #...#
#.###.#..# ##......# #.#..#
##########.#..# # #......#
.## ########.#....## ....
#.....##.......#######...##
#.....##.#.#..###g.........
#..............@ggg.).....<
#.....##.###..###g....)....
#.....##.# #..# ######.....
########......# ..##
######.# .# ###########.#
.. ####...........#### #
...>.######...<...#
##.....# #.......#


You could see a gnoll shaman and 4 gnolls.

Vanquished Creatures
  An orc priest (D:2)
  2 gnolls
  2 worms (D:3)
  A dart slug (D:2)
  4 leopard geckos
  13 orcs
  7 bats
  2 giant cockroaches
  5 goblins
  8 hobgoblins
  12 jackals
  9 kobolds
  2 quokkas
  A ball python (D:2)
  2 frilled lizards (D:2)
  6 rats
77 creatures vanquished.

Notes
Turn   | Place    | Note
-------+----------+-------------------------------------------
     0 | D:1      | Ozzies the Gargoyle Fighter began the quest for the Orb.
     0 | D:1      | Reached XP level 1. HP: 14/14 MP: 1/1
   186 | D:1      | Reached XP level 2. HP: 19/19 MP: 2/2
   320 | D:1      | Reached skill level 4 in Fighting
   534 | D:1      | Reached XP level 3. HP: 21/24 MP: 3/3
  1281 | D:2      | Reached skill level 5 in Fighting
  1648 | D:2      | Reached XP level 4. HP: 26/31 MP: 4/4
  1970 | D:3      | Reached XP level 5. HP: 34/36 MP: 5/5
  1978 | D:3      | Reached skill level 6 in Fighting
  1995 | D:3      | Found an iron altar of Okawaru.
  2021 | D:3      | Became a worshipper of Warmaster Okawaru
  2374 | D:3      | Found a shadowy altar of Dithmenos.
  2713 | D:4      | Slain by a gnoll

Illustrated notes

Levels and vault maps discovered:
D:1:      kennysheep_arrival_forest, layout_loops_ring, grunt_decor_arrowhead,
          columned_hall_lemuel
D:2:      layout_rooms
D:3:      layout_rooms, nicolae_overflow_crystal_walls, lemuel_crystal_altar
D:4:      layout_loops_cross, portal_sewer_entry_d, uniq_robin, uniq_sigmund

Skill      XL: |  1  2  3  4  5 |
---------------+----------------+-----
Fighting       | 4 5 6 |  6.3
Short Blades   | |  0.1
Maces & Flails | |  2.0
Armour         | |  3.4
Shields        | |  3.4
Invocations    | |  0.2

Action                   |  1- 3 |  4- 6 || total
-------------------------+-------+-------++-------
Melee: Flail             |   136 |       ||   136
       Dagger            |    11 |   159 ||   170
  Use: Scroll            |       |     1 ||     1
Armor: Scale mail        |    91 |   108 ||   199
Dodge: Dodged            |    46 |    80 ||   126
Block: Kite shield       |    89 |   114 ||   203

Table legend: (Time is in decaauts)
 A = Elapsed time spent in this place.
 B = Non-inter-level travel time spent in this place.
 C = Inter-level travel time spent in this place.
 D = Time resting spent in this place.
 E = Time spent auto-exploring this place.
 F = Levels seen in this place.
 G = Mean time per level.
                   A        B        C        D        E       F      G
               +--------+--------+--------+--------+--------+-----+--------+
         Total |   2783 |   2720 |     63 |    387 |   1619 |   4 |  695.8 |
       Dungeon |   2783 |   2720 |     63 |    387 |   1619 |   4 |  695.8 |
               +--------+--------+--------+--------+--------+-----+--------+

Top non-repeatable levels by time:
     D:1: 990 daAuts
     D:2: 978 daAuts
     D:3: 703 daAuts
     D:4: 111 daAuts
